 Dungeon Crawl Stone Soup version 0.16-a0-253-g996e5b4 (webtiles) character file.

326 MrRokkomies the Chiller (level 6, -4/41 HPs)
             Began as a Merfolk Ice Elementalist on Aug 23, 2014.
             Killed from afar by Sigmund (13 damage)
             ... with a puff of flame
             ... on Level 4 of the Dungeon.
             The game lasted 00:13:51 (5178 turns).

MrRokkomies the Chiller (Merfolk Ice Elementalist)  Turns: 5178, Time: 00:13:51

HP  -4/41        AC  4     Str 10      XL: 6   Next: 49%
MP   8/10        EV 11     Int 14      God:
Gold 210         SH  0     Dex 15      Spells:  3 memorised,  1 level left

rFire  . . .     SeeInvis .     a - +0 trident
rCold  . . .     Clarity  .     v - +0 leather armour
rNeg   . . .     rCorr    .     (no shield)
rPois  .         rRot     .     (no helmet)
rElec  .         Spirit   .     (no cloak)
SustAb .         Warding  .     h - +0 pair of gloves
rMut   .         Stasis   .     (no boots)
Gourm  .                        (no amulet)
MR     .....                    (no ring)
                                g - ring of stealth

@: not resistant to hostile enchantments, fairly stealthy
A: change form in water, swift swim
a: no special abilities


You were on level 4 of the Dungeon.
You were not hungry.

You visited 1 branch of the dungeon, and saw 4 of its levels.

You collected 210 gold pieces.

Inventory:

Hand weapons
 a - a +0 trident (weapon)
Missiles
 f - 12 stones (quivered)
Armour
 h - a +0 pair of gloves (worn)
 v - a +0 leather armour (worn)
Comestibles
 c - 2 bread rations
 k - a meat ration
 o - a slice of pizza
 r - 7 fruits
Scrolls
 e - a scroll of enchant weapon
 j - a scroll of blinking
 m - 2 scrolls of fear
 s - a scroll of amnesia
 u - a scroll of remove curse
Jewellery
 g - a ring of stealth (left hand)
Potions
 d - a potion of magic
 p - a potion of porridge
Books
 b - a book of Frost

   Spells                             Type                      Level
   *Freeze                            Ice                          1
   Throw Frost                        Conjuration/Ice              2
   *Ozocubu's Armour                  Charms/Ice                   3
   Throw Icicle                       Conjuration/Ice              4
   Summon Ice Beast                   Ice/Summoning                4
   *Condensation Shield               Ice                          4


   Skills:
 * Level 5.5 Polearms
 - Level 2.6 Dodging
 - Level 2.1 Stealth
 - Level 2.0 Spellcasting
   Level 0.7 Conjurations
 * Level 6.4 Ice Magic


You had one spell level left.
You knew the following spells:

 Your Spells              Type           Power        Failure   Level  Hunger
a - Freeze                Ice            ###.         1%          1    ##.....
b - Ozocubu's Armour      Chrm/Ice       ##......     21%         3    ####...
c - Condensation Shield   Ice            ###.......   21%         4    #####..


Dungeon Overview and Level Annotations

Branches:
Dungeon (4/15)
 Temple: D:4-7

Altars:
Dithmenos
Nemelex Xobeh

Annotations:
D:3 PolkaDot's ghost, average DrMo
D:4 Sigmund


Message History

Casting: Condensation Shield
Confirm with . or Enter, or press ? or * to list all spells.
You can't see any susceptible monsters within range! (Use Z to cast anyway.)
You closely miss something.
Casting: Condensation Shield
Confirm with . or Enter, or press ? or * to list all spells.
Aiming: Freeze
Press: ? - help, Shift-Dir - straight line You freeze something.
You hear some strange, mumbled words.
Something tries to affect you, but you resist.
Casting: Freeze
Confirm with . or Enter, or press ? or * to list all spells.
Aiming: Freeze
Press: ? - help, Shift-Dir - straight line You freeze something.
You hear some strange, mumbled words.
A puff of flame appears from out of thin air!
The puff of flame hits you!
You die...

.# ##.## ######## ....# #......#
....### #####.####.# .......
#...#.####.## ....##
#......{@...# .....#
#...#.####..########## ###.#
##)##....(......%....####
....######.##############.......#
######.......## #.##.##.# Z#
#........# #.##.##.# .#
#.Z##.#..# #.##.##.# .#
#Z.......######### #.##.##.#
.#####....#.....#.....# #.##.##.#


There were no monsters in sight!

Vanquished Creatures
  An ogre (D:4)
  A scorpion (D:4)
  An orc priest (D:3)
  Ijyb (D:3)
  An adder (D:3)
  3 giant mites
  4 worms
  An orc skeleton (D:4)
  5 giant geckos
  2 oozes (D:2)
  6 orcs
  7 goblins
  8 hobgoblins
  6 jackals
  6 kobolds
  A quokka (D:2)
  2 ball pythons (D:2)
  12 bats
  2 giant cockroaches (D:1)
  5 giant newts
  8 rats
  A rat skeleton (D:4)
84 creatures vanquished.

Notes
Turn   | Place    | Note
--------------------------------------------------------------
     0 | D:1      | MrRokkomies, the Merfolk Ice Elementalist, began the quest for the Orb.
     0 | D:1      | Reached XP level 1. HP: 13/13 MP: 3/3
   613 | D:1      | Reached XP level 2. HP: 16/19 MP: 4/4
   687 | D:1      | Reached skill level 4 in Ice Magic
  1379 | D:1      | Reached XP level 3. HP: 24/24 MP: 6/6
  2070 | D:2      | Learned a level 3 spell: Ozocubu's Armour
  2269 | D:2      | Reached skill level 1 in Polearms
  2400 | D:2      | Reached skill level 5 in Ice Magic
  2400 | D:2      | Reached XP level 4. HP: 30/30 MP: 7/7
  3185 | D:3      | Found a sparkling altar of Nemelex Xobeh.
  3195 | D:3      | Noticed PolkaDot's ghost (average DrMo)
  3331 | D:3      | Found a shadowy altar of Dithmenos.
  3562 | D:3      | Noticed Ijyb
  3593 | D:3      | Killed Ijyb
  3615 | D:3      | Reached XP level 5. HP: 31/35 MP: 9/9
  4417 | D:4      | Noticed an ogre
  4441 | D:4      | Killed an ogre
  4441 | D:4      | Reached skill level 6 in Ice Magic
  4441 | D:4      | Reached XP level 6. HP: 15/41 MP: 6/10
  4456 | D:4      | Reached skill level 5 in Polearms
  4574 | D:4      | Learned a level 4 spell: Condensation Shield
  4617 | D:4      | HP: 1/41 [scorpion (2)]
  5114 | D:4      | Noticed Sigmund
  5178 | D:4      | Killed from afar by Sigmund

Action                   |  1- 3 |  4- 6 || total
-------------------------+-------+-------++-------
Melee: Unarmed           |    29 |       ||    29
       Mace              |    64 |       ||    64
       Spear             |   107 |   174 ||   281
       Trident           |       |   127 ||   127
Throw: Stone             |       |     4 ||     4
 Cast: Freeze            |     4 |     3 ||     7
       Ozocubu's Armour  |       |     1 ||     1
  Use: Scroll            |     3 |     7 ||    10
       Potion            |       |     5 ||     5
 Stab: Sleeping          |     1 |     6 ||     7
       Distracted        |     1 |       ||     1
       Invisible         |       |     7 ||     7
  Eat: Chunk             |     3 |    11 ||    14
       Beef jerky        |     1 |       ||     1
